Map: Reclamation LE

Players

SinghHortons

  • Race: Terran Terran
  • Spawn Location: 12:00

A.I. 1 (Very Easy) - Winner!

  • Race: Terran Terran
  • Spawn Location: 6:00

VOD

Have the link to the VOD?

Description

Time

  • Played on: June 25, 2026, 9:17 p.m.
  • Length: 4:21
Show
View Real Time Build Order
Export as new Build Order

SinghHortons Terran 

Build Orders: 2 Factory, Hellion Opening 

Get SALT Encoding   

  8  0:00  SCV  
  9  0:12  SCV  
  10  0:24  SCV  
  11  0:29  Supply Depot  
  11  0:37  SCV  
  12  0:43  Refinery  
  12  0:49  SCV  
  13  1:05  Barracks  
  13  1:08  SCV  
  14  1:20  SCV  
  14  1:22  Refinery  
  15  1:32  SCV  
  16  1:52  Factory  
  16  1:56  Barracks Reactor  
  16  2:04  Orbital Command  
  16  2:15  Supply Depot  
  16  2:30  SCV  
  17  2:42  Hellion  
  17  2:43  Hellion  
  21  2:49  Factory  
  21  2:51  Barracks Tech Lab  
  21  3:04  Hellion x2  
  25  3:06  SCV  
  26  3:18  SCV  
  27  3:22  Supply Depot  
  27  3:28  Hellion  
  29  3:44  Hellion x2  
  33  3:49  Hellion  
  35  3:58  Supply Depot  
Show
View Real Time Build Order
Export as new Build Order

A.I. 1 (Very Easy) Terran - Winner!

Build Orders:  

Get SALT Encoding   

  8  0:00  SCV  
  9  0:13  SCV  
  10  0:25  SCV  
  11  0:37  SCV  
  12  0:46  Supply Depot  
  12  0:49  SCV  
  13  1:07  Refinery, SCV  
  13  1:09  Barracks  
  14  1:38  Supply Depot  
  14  1:45  Refinery  
  14  1:56  Orbital Command  
  14  1:57  Marine  
  15  2:21  SCV  
  16  2:33  SCV  
  17  2:43  Barracks Tech Lab  
  17  2:45  SCV  
  18  2:57  SCV  
  19  3:00  Supply Depot  
  19  3:01  Marine  
  20  3:09  SCV  
  21  3:22  SCV  
  22  3:48  Marauder  
Tags
 
Add a new tag
Caveats
  • Supply blocks, unpowered buildings, or Contaminate may cause inaccurate times.
  • Supply counts are checked every 10 seconds.